 Dungeon Crawl Stone Soup version 0.24-a0-284-g9fb9971df1 (webtiles) character file.

Game seed: 6237875382789904029

56 GordonOverkill the Magician (level 3, -3/26 HPs)
             Began as a Mummy Fire Elementalist on May 7, 2019.
             Engulfed by a cloud of steam (7 damage)
             ... on level 1 of the Dungeon.
             The game lasted 00:05:53 (2251 turns).

GordonOverkill the Magician (MuFE)                  Turns: 2251, Time: 00:05:54

Health: -3/26      AC:  2    Str: 11    XL:     3   Next: 71%
Magic:  0/7        EV: 12    Int: 15    God:
Gold:   74         SH:  0    Dex: 12    Spells: 2/8 levels left

rFire    x . .     SeeInvis .   d - +0 dagger
rCold    + . .     Gourm    .   (no shield)
rNeg     + + +     Faith    .   a - +0 robe
rPois    ∞         Spirit   .   (no helmet)
rElec    .         Reflect  .   (no cloak)
rCorr    .         Harm     .   (no gloves)
MR       .....                  (no boots)
Stlth    +.........             (no amulet)
HPRegen  0.08/turn              (no ring)
MPRegen  0.10/turn              (no ring)

@: very slow
A: no food or potions, fire vulnerability, cold resistance 1, negative energy
resistance 3, torment resistance, unbreathing
a: no special abilities


You were on level 1 of the Dungeon.
You were not hungry.

You visited 1 branch of the dungeon, and saw 2 of its levels.

You collected 74 gold pieces.

Inventory:

Hand Weapons
 d - a +0 dagger (weapon)
Armour
 a - a +0 robe (worn)
Scrolls
 c - 2 scrolls of identify {unknown}
 e - a scroll of teleportation {unknown}
 f - 2 scrolls of remove curse {unknown}
 g - a scroll of immolation {unknown}


   Skills:
 + Level 1.3 Fighting
 - Level 2.0 Dodging
 - Level 2.0 Stealth
 - Level 3.0 Spellcasting
 - Level 1.0 Conjurations
 - Level 3.0 Fire Magic


You had 2 spell levels left.
You knew the following spells:

 Your Spells              Type           Power        Failure   Level  Hunger
a - Flame Tongue          Conj/Fire      #....        9%          1    N/A
b - Throw Flame           Conj/Fire      #.....       13%         2    N/A
c - Conjure Flame         Conj/Fire      #.......     26%         3    N/A

Your spell library contained the following spells:

 Spells                   Type           Power        Failure   Level  Hunger
 Inner Flame              Hex/Fire       #.......     32%         3    N/A
 Sticky Flame             Conj/Fire      #.......     65%         4    N/A
 Fireball                 Conj/Fire      #.........   94%         5    N/A

Dungeon Overview and Level Annotations

Branches:
Dungeon (2/15)

Altars:

Annotations:
D:1 Terence
D:2 Sigmund


Innate Abilities, Weirdness & Mutations

You do not eat or drink.
Your flesh is vulnerable to fire.
You are immune to poison.
Your flesh is cold resistant. (rC+)
You are immune to negative energy. (rN+++)
You are immune to unholy pain and torment.
You can survive without breathing.


Message History

Aim: Terence, wielding a +0 mace and wearing a +4 scale mail (steam, lightly wounded)
The flame tongue hits Terence.
Terence is moderately wounded.
Terence closely misses you.
Casting: Flame Tongue (safe; 9% risk of failure)
Confirm with . or Enter, or press ? or * to list all spells.
Aiming: Flame Tongue (safe; 9% risk of failure)
Press: ? - help, Shift-Dir - straight line, f/p - Terence
Aim: Terence, wielding a +0 mace and wearing a +4 scale mail (moderately wounded)
The flame tongue hits Terence but does no damage.
Terence is moderately wounded.
Terence hits you with a +0 mace.
Your unstable footing causes you to fumble your attack.
Terence hits you with a +0 mace.
* * * LOW HITPOINT WARNING * * *
As you read the scroll labeled WYILEM HYPH, it crumbles to dust.
You hear a loud clanging noise!
It was a scroll of noise.
You are engulfed in a cloud of scalding steam.
You die...

..............##≈≈≈.≈≈≈####......
...).........##≈≈P.8.P≈≈# #......
........)....##≈≈.....≈≈# #......
......########8≈.......≈# #......
........#####.!.P8.<.8P≈# #......
.....##.......8≈.......≈# #......
..............#§§§....≈≈# #.#####
......#######.#§@P.8.P≈≈# #.#
.)....# #.##@≈≈.≈≈≈####.# ......#
#..##≈≈P≈≈##.##.# ......#
#...##≈≈≈##..##.# .>....#
#....#####...##.# ......# ######
###..#..### ......# #.........#
......# #.........# ......#
#.........# ####..# #.........#


You could see Terence.

Vanquished Creatures
  An ooze (D:1)
  A worm (D:2)
  A dart slug (D:1)
  2 leopard geckos
  A ball python (D:2)
  2 bats (D:1)
  2 giant cockroaches
  8 goblins
  4 hobgoblins
  9 jackals
  5 kobolds (D:1)
  2 rats
38 creatures vanquished.

Notes
Turn   | Place    | Note
-------+----------+-------------------------------------------
     0 | D:1      | GordonOverkill the Mummy Fire Elementalist began the quest
                  | for the Orb.
     0 | D:1      | Reached XP level 1. HP: 13/13 MP: 4/4
   201 | D:1      | Reached skill level 1 in Conjurations
   201 | D:1      | Reached XP level 2. HP: 19/19 MP: 3/5
  1053 | D:1      | Learned a level 2 spell: Throw Flame
  1113 | D:1      | Reached XP level 3. HP: 21/24 MP: 4/7
  1676 | D:2      | Noticed Sigmund
  1888 | D:2      | Learned a level 3 spell: Conjure Flame
  1889 | D:2      | Noticed Terence
  1921 | D:2      | Reached skill level 1 in Fighting
  2251 | D:1      | Engulfed by a cloud of steam

Levels and vault maps discovered:
D:1:      lightli_arrival_statuegarden, layout_rooms, minmay_fountain_box
D:2:      layout_loops_ring, gammafunk_temple_overflow_pools, tgw_trog,
          uniq_terence, uniq_sigmund

Skill      XL: |  1  2  3 |
---------------+----------+-----
Conjurations   | 1 |  1.0
Dodging        | 2 |  2.0
Spellcasting   | 3 |  3.0
Stealth        | 2 |  2.0
Fire Magic     | 3 |  3.0
Fighting       | 1 |  1.3

Action                   || total
-------------------------++-------
Melee: Dagger            ||    48
Throw: Stone             ||    26
 Cast: Flame Tongue      ||    89
  Use: Scroll            ||     1
Armor: Robe              ||    27
Dodge: Dodged            ||    73

Table legend:
 A = Non-vault XP
 B = Vault XP
 C = Vault XP percentage of total XP
 D = Non-vault monster count
 E = Vault monster count
 F = Vault count percentage of total count
                 A         B        C        D         E       F
            +---------+---------+-------+---------+---------+-------
      Total |      81 |       0 |   0.0 |      38 |       0 |   0.0
            +---------+---------+-------+---------+---------+-------
        D:1 |      59 |       0 |   0.0 |      28 |       0 |   0.0
        D:2 |      22 |       0 |   0.0 |      10 |       0 |   0.0
            +---------+---------+-------+---------+---------+-------
